 Dungeon Crawl Stone Soup version 0.28.0-43-g3370ac3207 (webtiles) character file.

Game seed: 1636380513382832988

238 pkoi the Insei (level 5, -4/45 HPs)
             Began as a Draconian Monk on Mar 11, 2022.
             Slain by an orc
             ... wielding a +0 morningstar
              (15 damage)
             ... on level 4 of the Dungeon.
             The game lasted 00:03:57 (2730 turns).

pkoi the Insei (Draconian Monk)                     Turns: 2730, Time: 00:03:57

Health: -4/45      AC:  6    Str: 13    XL:     5   Next: 78%
Magic:  5/5        EV: 12    Int: 12    God:
Gold:   125        SH:  0    Dex: 14    Spells: 4/4 levels left

rFire   . . .      SeeInvis .     - Unarmed
rCold   . . .      Faith    .   h - orb {mayhem}
rNeg    . . .      Spirit   .   (armour unavailable)
rPois   .          Reflect  .   (helmet restricted)
rElec   .          Harm     .   (no cloak)
rCorr   .          Rampage  .   e - +0 pair of gloves
Will    .....                   (no boots)
Stlth   ++........              (no amulet)
HPRegen 0.15/turn               (no ring)
MPRegen 0.09/turn               (no ring)

@: no status effects
A: AC +5, unfitting armour, cold-blooded
a: no special abilities


You were on level 4 of the Dungeon.
You visited 1 branch of the dungeon, and saw 4 of its levels.

You collected 125 gold pieces.

Inventory:

Missiles
 b - 5 poisoned darts (quivered)
Armour
 e - a +0 pair of gloves (worn)
 h - an orb of mayhem (worn)
Scrolls
 a - 5 scrolls of identify {unknown}
 c - a scroll of teleportation {unknown}
Potions
 d - a potion of attraction {unknown}
 f - a potion of curing {unknown}
 g - a potion of might {unknown}
 i - 2 potions of brilliance {unknown}


   Skills:
 - Level 3.2 Fighting
 - Level 2.6 Dodging
 - Level 3.0 Stealth
 + Level 6.1 Unarmed Combat


You had 4 spell levels left.
You didn't know any spells.
Your spell library contained the following spells:

 Spells                   Type           Power      Damage    Failure   Level
 Shock                    Conj/Air       0%         1d3       32%         1


Dungeon Overview and Level Annotations

Branches:
Dungeon (4/15)
 Temple: D:4-7

Altars:
Cheibriados

Annotations:
D:3 Sigmund


Innate Abilities, Weirdness & Mutations

Your plain brown scales are hard. (AC +5)
You cannot fit into any form of body armour.
You are cold-blooded and may be slowed by cold attacks.


Message History

You miss something.
Your tail-slap misses something.
Something hits you but does no damage.
Unknown command.
You hit something. Something hits you but does no damage.
You miss something.
Your tail-slap misses something.
You hear some strange, mumbled words.
A magic dart appears from out of thin air!
The magic dart hits you.
* * * LOW HITPOINT WARNING * * *
You hit something. Something hits you but does no damage.
You barely miss something.
An orc wizard appears from thin air!
Reactivating autopickup.
The orc wizard closely misses you.
You hit the orc wizard.
The orc wizard is almost dead.
The orc wizard hits you with a +0 dagger.
* * * LOW HITPOINT WARNING * * *
You barely miss the orc wizard. You tail-slap the orc wizard.
You kill the orc wizard!
Your Unarmed Combat skill increases to level 6!
Unknown command.
You hit the orc.
You tail-slap the orc, but do no damage.
The orc is moderately wounded.
The orc misses you.
You hit the orc.
Your tail-slap misses the orc.
The orc is severely wounded.
You hit the orc.
You kill the orc!
The orc flies into a frenzy!
You are already empty-handed.
The orc hits you with a +0 morningstar!
Keep disrobing?
You stop removing your armour.
* * * LOW HITPOINT WARNING * * *
The orc barely misses you.
The orc shouts!
You hear a shout!
Unknown command.
The orc hits you with a +0 morningstar!
You die...

.#...............#
..?.........{....#
.......#########.#
...(..## #.#
###...# #.# #####
#)# #.# #o# #@#
#.# #.# #.. ##. .#
.# ..


You could see a neutral orc (fast, strong, insane).

Vanquished Creatures
  An ogre (D:3)
  A hound (D:2)
  An orc wizard (D:4)
  4 adders (D:2)
  A worm (D:3)
  2 orcs (D:4)
  3 ball pythons
  2 bats
  4 endoplasms
  3 giant cockroaches
  7 goblins
  9 hobgoblins
  4 quokkas
  3 frilled lizards (D:1)
  6 kobolds
  2 rats (D:1)
53 creatures vanquished.

Vanquished Creatures (others)
  3 fungi (D:2)
3 creatures vanquished.

Grand Total: 56 creatures vanquished

Notes
Turn   | Place    | Note
-------+----------+-------------------------------------------
     0 | D:1      | pkoi the Draconian Monk began the quest for the Orb.
     0 | D:1      | Reached XP level 1. HP: 19/19 MP: 1/1
    96 | D:1      | Reached XP level 2. HP: 17/26 MP: 2/2
   592 | D:1      | Reached skill level 4 in Unarmed Combat
   939 | D:1      | Reached XP level 3. HP: 30/31 MP: 3/3
  1081 | D:2      | Found a snail-covered altar of Cheibriados.
  1088 | D:2      | Found a faded altar of an unknown god.
  1100 | D:2      | Got Plato's Compendium of the Lizard
  1662 | D:2      | Reached skill level 5 in Unarmed Combat
  1662 | D:2      | Reached XP level 4. HP: 32/38 MP: 4/4
  2315 | D:3      | Noticed an ogre
  2328 | D:3      | Killed an ogre
  2329 | D:3      | Reached XP level 5. HP: 34/45 MP: 5/5
  2648 | D:3      | Noticed Sigmund
  2725 | D:4      | Reached skill level 6 in Unarmed Combat
  2730 | D:4      | Slain by an orc

Illustrated notes

Levels and vault maps discovered:
D:1:      saegor_arrival_simple_b, layout_loops_cross, minmay_tetromino_t2
D:2:      layout_basic, basic_altar, shapermc_ecumenical_altar_rom_forum
D:3:      layout_basic, minmay_cupped, uniq_sigmund, uniq_crazy_yiuf_cottage
D:4:      layout_loops_ring, uniq_edmund

Skill      XL: |  1  2  3  4  5 |
---------------+----------------+-----
Unarmed Combat | 4 5 6 |  6.1
Stealth        | 3 |  3.0
Fighting       | |  3.2
Dodging        | |  2.6

Action                   |  1- 3 |  4- 6 || total
-------------------------+-------+-------++-------
Melee: Unarmed           |   128 |    68 ||   196
       Tailslap          |    10 |    14 ||    24
       Punch             |     6 |     2 ||     8
 Stab: Sleeping          |     4 |     4 ||     8
Armor: Skin              |    43 |    18 ||    61
Dodge: Dodged            |    75 |    24 ||    99
